 Dungeon Crawl Stone Soup version 0.28-a0-697-g47f3eba078 (webtiles) character file.

Game seed: 18149097388203340487

1227 Gargoyl the Skirmisher (level 8, -7/67 HPs)
             Began as a Gnoll Abyssal Knight on Oct 23, 2021.
             Was a Believer of Lugonu.
             Mangled by a gnoll (12 damage)
             ... on level 6 of the Dungeon.
             The game lasted 00:07:49 (3872 turns).

Gargoyl the Skirmisher (Gnoll Abyssal Knight)       Turns: 3872, Time: 00:07:49

Health: -7/67      AC:  6    Str: 17    XL:     8   Next: 48%
Magic:  12/12      EV: 12    Int: 11    God:    Lugonu [**....]
Gold:   280        SH:  4    Dex: 12    Spells: 13/13 levels left

rFire   . . .      SeeInvis .   a - +1 hand axe
rCold   . . .      Faith    .   g - +0 buckler
rNeg    + . .      Spirit   .   c - +3 leather armour "Keikk" {rN+ Regen+ Str+3}
rPois   .          Reflect  .   (no helmet)
rElec   .          Harm     .   e - scarf {repulsion}
rCorr   .          Rampage  .   (no gloves)
Will    .....                   (no boots)
Stlth   ++........              (no amulet)
HPRegen 1.21/turn               (no ring)
MPRegen 0.13/turn               (no ring)

@: repel missiles
A: fangs 1, strong nose, distributed training
a: Renounce Religion, Depart the Abyss, Bend Space


You were on level 6 of the Dungeon.
You worshipped Lugonu.
Lugonu was pleased with you.
You visited 1 branch of the dungeon, and saw 6 of its levels.
You visited the Abyss 1 time.

You collected 376 gold pieces.
You spent 96 gold pieces at shops.

Inventory:

Hand Weapons
 a - a +1 hand axe (weapon)
Missiles
 d - a throwing net (quivered)
Armour
 c - the +3 leather armour "Keikk" (worn) {rN+ Regen+ Str+3}
   (You found it on level 3 of the Abyss)

   Str:       It affects your strength (+3).
   rN:        It protects you from negative energy.
   Regen:     It increases your rate of health regeneration.
 e - a scarf of repulsion (worn)
 g - a +0 buckler (worn)
 n - a +0 cloak
Wands
 k - a wand of flame (15)
 o - a wand of charming (7)
Scrolls
 b - a scroll of teleportation
 h - 3 scrolls of identify
Potions
 f - 2 potions of cancellation
 i - a potion of haste
 l - 2 potions of ambrosia {unknown}
 m - a potion of flight


   Skills:
 + Level 7.4 Fighting
 + Level 3.3 Short Blades
 + Level 3.3 Long Blades
 + Level 5.7 Axes
 + Level 3.3 Maces & Flails
 + Level 3.3 Polearms
 + Level 3.3 Staves
 + Level 3.3 Slings
 + Level 3.3 Bows
 + Level 3.3 Crossbows
 + Level 3.3 Throwing
 + Level 5.7 Armour
 + Level 4.2 Dodging
 + Level 3.3 Stealth
 + Level 3.3 Shields
 + Level 3.3 Unarmed Combat
 + Level 3.3 Spellcasting
 + Level 2.7 Conjurations
 + Level 2.7 Hexes
 + Level 2.7 Summonings
 + Level 2.7 Necromancy
 + Level 2.7 Translocations
 + Level 2.7 Transmutations
 + Level 2.7 Fire Magic
 + Level 2.7 Ice Magic
 + Level 2.7 Air Magic
 + Level 2.7 Earth Magic
 + Level 2.7 Poison Magic
 + Level 5.9 Invocations
 + Level 3.3 Evocations


You had 13 spell levels left.
You didn't know any spells.
Your spell library was empty.

Dungeon Overview and Level Annotations

Branches:
Dungeon (6/15)
 Temple: D:4-7

Altars:
Elyvilon
Kikubaaqudgha

Shops:
D:1 ?[[[   D:4 :


Innate Abilities, Weirdness & Mutations

You have very sharp teeth.
Your uncanny sense of smell can sniff out nearby items.
Your experience applies equally to all skills.


Message History

The gnoll hits you from afar with a +1 halberd of protection!
The steam dragon bites you but does no damage.
The steam dragon barely misses you.
Unknown command.
You hit the steam dragon but do no damage.
The steam dragon is almost dead.
The steam dragon looks more healthy.
The gnoll closely misses you. The steam dragon misses you.
You block the steam dragon's attack.
Unknown command.
You hit the steam dragon but do no damage.
You bite the steam dragon, but do no damage.
The steam dragon is almost dead.
You block the gnoll's attack. You block the steam dragon's attack.
The steam dragon claws you.
Unknown command.
You completely miss the steam dragon.
The steam dragon is almost dead.
The gnoll barely misses you. The steam dragon closely misses you.
You block the steam dragon's attack.
Unknown command.
You barely miss the steam dragon. Your bite misses the steam dragon.
The steam dragon is almost dead.
The gnoll hits you from afar with a +1 halberd of protection.
The steam dragon breathes steam at you. The ball of steam misses you.
Unknown command.
You hit the steam dragon but do no damage.
The steam dragon is almost dead.
You are engulfed in a cloud of scalding steam.
* * * LOW HITPOINT WARNING * * *
The gnoll hits you from afar with a +1 halberd of protection.
* * * LOW HITPOINT WARNING * * *
The steam dragon bites you!
* * * LOW HITPOINT WARNING * * *
The steam dragon claws you.
* * * LOW HITPOINT WARNING * * *
You hit the steam dragon.
The steam dragon is almost dead.
The gnoll hits you from afar with a +1 halberd of protection!
You die...

### #### ##.### #..###. #.#..###
##...... #.ยง#...#####....#
#######@#.....#.....# ##
#...##.D)..........## ###.
#...##.g............####
#...##...###..........#......
###.........###.........#..##..
#................((#......##...
##..........#.....(###..........
#...........##......#..##....)..
##...........#.........##.......


You could see a steam dragon (catching breath) and a gnoll.

Vanquished Creatures
  Grinder (D:6)
  2 yaks
  Eustachio (D:4)
  2 ogres
  A scorpion (D:5)
  3 hounds
  Crazy Yiuf (D:3)
  A bullfrog skeleton (D:6)
  A gnoll shaman (D:4)
  An orc wizard (D:4)
  A hound skeleton (D:4)
  6 gnolls
  An adder (D:5)
  A worm (D:3)
  3 dart slugs
  8 orcs
  8 endoplasms
  4 giant cockroaches
  2 goblins
  2 hobgoblins
  4 jackals (D:1)
  2 quokkas (D:3)
  6 ball pythons
  6 bats
  3 frilled lizards
  3 kobolds
  3 rats
77 creatures vanquished.

Vanquished Creatures (others)
  2 fungi (D:3)
2 creatures vanquished.

Grand Total: 79 creatures vanquished

Notes
Turn   | Place    | Note
-------+----------+-------------------------------------------
     0 | Abyss:1  | Gargoyl the Gnoll Abyssal Knight began the quest for the
                  | Orb.
     0 | Abyss:1  | Reached XP level 1. HP: 23/23 MP: 3/3
    25 | Abyss:1  | Found a transporter.
    79 | Abyss:2  | Found a corrupted altar of Lugonu.
    98 | Abyss:2  | Noticed a small abomination
   102 | Abyss:3  | Found a corrupted altar of Lugonu.
   105 | Abyss:3  | Identified the +3 leather armour "Keikk" {rN+ Regen+ Str+3}
   131 | Abyss:4  | Noticed a great orb of eyes
   131 | D:1      | Escaped the Abyss
   153 | D:1      | Found Laowuv's Armour Boutique.
   357 | D:1      | Found Naezeem's Magic Scroll Shoppe.
   370 | D:1      | Bought a scroll of teleportation for 42 gold pieces
   534 | D:1      | Reached XP level 2. HP: 29/29 MP: 5/5
   562 | D:1      | Reached * piety under Lugonu
   701 | D:1      | Found Uwkycurch's Armour Shop.
   719 | D:1      | Found Quatomm's Armour Boutique.
   725 | D:1      | Bought a +0 buckler for 54 gold pieces
  1110 | D:2      | Found a faded altar of an unknown god.
  1125 | D:2      | Reached XP level 3. HP: 35/35 MP: 6/6
  1751 | D:3      | Found a runed translucent door.
  1752 | D:3      | Noticed Crazy Yiuf
  2308 | D:4      | Noticed an ogre
  2345 | D:4      | Killed an ogre
  2346 | D:4      | Reached skill level 1 in Short Blades
  2346 | D:4      | Reached skill level 1 in Long Blades
  2346 | D:4      | Reached skill level 1 in Maces & Flails
  2346 | D:4      | Reached skill level 1 in Polearms
  2346 | D:4      | Reached skill level 1 in Staves
  2346 | D:4      | Reached skill level 1 in Slings
  2346 | D:4      | Reached skill level 1 in Bows
  2346 | D:4      | Reached skill level 1 in Crossbows
  2346 | D:4      | Reached skill level 1 in Throwing
  2346 | D:4      | Reached skill level 1 in Stealth
  2346 | D:4      | Reached skill level 1 in Shields
  2346 | D:4      | Reached skill level 1 in Unarmed Combat
  2346 | D:4      | Reached skill level 1 in Spellcasting
  2346 | D:4      | Reached skill level 1 in Conjurations
  2346 | D:4      | Reached skill level 1 in Hexes
  2346 | D:4      | Reached skill level 1 in Summonings
  2346 | D:4      | Reached skill level 1 in Necromancy
  2346 | D:4      | Reached skill level 1 in Translocations
  2346 | D:4      | Reached skill level 1 in Transmutations
  2346 | D:4      | Reached skill level 1 in Fire Magic
  2346 | D:4      | Reached skill level 1 in Ice Magic
  2346 | D:4      | Reached skill level 1 in Air Magic
  2346 | D:4      | Reached skill level 1 in Earth Magic
  2346 | D:4      | Reached skill level 1 in Poison Magic
  2346 | D:4      | Reached skill level 1 in Evocations
  2346 | D:4      | Reached XP level 4. HP: 33/41 MP: 7/7
  2346 | D:4      | Reached XP level 5. HP: 38/47 MP: 8/8
  2383 | D:4      | Found a white marble altar of Elyvilon.
  2478 | D:3      | Killed Crazy Yiuf
  2625 | D:4      | Reached ** piety under Lugonu
  2712 | D:4      | Found Mubosk's Book Boutique.
  2717 | D:4      | Reached skill level 5 in Invocations
  2740 | D:4      | Reached XP level 6. HP: 53/53 MP: 9/9
  2799 | D:4      | Found an ancient bone altar of Kikubaaqudgha.
  2899 | D:5      | Entered Level 5 of the Dungeon
  2918 | D:5      | Reached skill level 5 in Axes
  2918 | D:5      | Reached skill level 5 in Armour
  2971 | D:5      | Noticed Eustachio
  3228 | D:4      | Killed Eustachio
  3229 | D:4      | Reached skill level 7 in Fighting
  3229 | D:4      | Reached XP level 7. HP: 19/60 MP: 10/10
  3390 | D:5      | Noticed a yak
  3390 | D:5      | Noticed a yak
  3451 | D:5      | Killed a yak
  3511 | D:4      | HP: 2/60 [yak (13)]
  3534 | D:4      | Killed a yak
  3535 | D:4      | Reached XP level 8. HP: 34/67 MP: 12/12
  3672 | D:5      | You fall into a shaft and drop 1 floor!
  3711 | D:6      | Noticed Grinder
  3720 | D:6      | Paralysed by Grinder for 7 turns
  3736 | D:6      | Paralysed by Grinder for 7 turns
  3746 | D:6      | Killed Grinder
  3872 | D:6      | Mangled by a gnoll

Illustrated notes

Levels and vault maps discovered:
D:1:      minmay_arrival_semitransparent, layout_loops_corners, serial_shops,
          nicolae_shop_waterfront, shop, shop_coins, shop, minmay_door_square,
          hangedman_decor_opposing
D:2:      layout_rooms, ebering_ecumenical_altar_ruins
D:3:      layout_basic, uniq_crazy_yiuf_cottage
D:4:      wad_pebble_path, layout_rooms, mainiacjoe_overflow_catwalk_spiral,
          serial_shops, shop
D:5:      layout_loops_corners, grunt_temple_overflow_diamond,
          kennysheep_generic_room_8, uniq_eustachio
D:6:      layout_cave_pools, minmay_temple_entry_glass, serial_shops, shop,
          uniq_grinder, uniq_prince_ribbit1, uniq_duvessa

Skill      XL: |  1  2  3  4  5  6  7  8 |
---------------+-------------------------+-----
Short Blades   | 1 2 3 |  3.3
Long Blades    | 1 2 3 |  3.3
Maces & Flails | 1 2 3 |  3.3
Polearms       | 1 2 3 |  3.3
Staves         | 1 2 3 |  3.3
Slings         | 1 2 3 |  3.3
Bows           | 1 2 3 |  3.3
Crossbows      | 1 2 3 |  3.3
Throwing       | 1 2 3 |  3.3
Stealth        | 1 2 3 |  3.3
Shields        | 1 2 3 |  3.3
Unarmed Combat | 1 2 3 |  3.3
Spellcasting   | 1 2 3 |  3.3
Conjurations   | 1 2 |  2.7
Hexes          | 1 2 |  2.7
Summonings     | 1 2 |  2.7
Necromancy     | 1 2 |  2.7
Translocations | 1 2 |  2.7
Transmutations | 1 2 |  2.7
Fire Magic     | 1 2 |  2.7
Ice Magic      | 1 2 |  2.7
Air Magic      | 1 2 |  2.7
Earth Magic    | 1 2 |  2.7
Poison Magic   | 1 2 |  2.7
Evocations     | 1 2 3 |  3.3
Dodging        | 3 4 |  4.2
Invocations    | 5 |  5.9
Axes           | 5 |  5.7
Armour         | 5 |  5.7
Fighting       | 7 |  7.4

Action                   |  1- 3 |  4- 6 |  7- 9 || total
-------------------------+-------+-------+-------++-------
Melee: Hand axe          |   125 |   124 |   114 ||   363
       Bite              |    12 |    13 |    12 ||    37
Throw: Dart              |     6 |     8 |    20 ||    34
Invok: Depart the Abyss  |     1 |       |       ||     1
  Use: Scroll            |     4 |     1 |     1 ||     6
       Potion            |       |     2 |     1 ||     3
 Stab: Sleeping          |       |     2 |       ||     2
Armor: Leather armour    |    54 |    70 |    39 ||   163
Dodge: Dodged            |    89 |   131 |    88 ||   308
       Repelled          |       |     5 |     1 ||     6
Block: Buckler           |    22 |    42 |    26 ||    90

Table legend: (Time is in decaauts)
 A = Elapsed time spent in this place.
 B = Non-inter-level travel time spent in this place.
 C = Inter-level travel time spent in this place.
 D = Time resting spent in this place.
 E = Time spent auto-exploring this place.
 F = Levels seen in this place.
 G = Mean time per level.
                   A        B        C        D        E       F      G
               +--------+--------+--------+--------+--------+-----+--------+
         Total |   3895 |   3707 |    188 |    129 |   2379 |  10 |  389.5 |
       Dungeon |   3765 |   3577 |    188 |    129 |   2289 |   6 |  627.5 |
         Abyss |    130 |    130 |      0 |      0 |     90 |   4 |   32.5 |
               +--------+--------+--------+--------+--------+-----+--------+

Top non-repeatable levels by time:
     D:1: 968 daAuts
     D:4: 881 daAuts
     D:3: 826 daAuts
     D:5: 449 daAuts
     D:2: 438 daAuts
     D:6: 201 daAuts
 Abyss:1: 56 daAuts
 Abyss:2: 44 daAuts
 Abyss:3: 28 daAuts
 Abyss:4: 0 daAuts
